 Dungeon Crawl Stone Soup version 0.25-a0-310-g60f0ac2d9a (webtiles) character file.

Game seed: 9921870047019855740, levelgen mode: deterministic

84 ANON1729 the Sneak (level 4, -3/28 HPs)
             Began as an Octopode Earth Elementalist on Dec 23, 2019.
             Killed from afar by an orc wizard (8 damage)
             ... with a magic dart
             ... on level 3 of the Dungeon.
             The game lasted 00:02:57 (3315 turns).

ANON1729 the Sneak (Octopode Earth Elementalist)    Turns: 3315, Time: 00:02:58

Health: -3/28      AC:  1    Str:  7    XL:     4   Next: 46%
Magic:  0/7        EV: 14    Int: 17    God:
Gold:   187        SH:  0    Dex: 13    Spells: 6/7 levels left

rFire    . . .     SeeInvis .     - Unarmed
rCold    . . .     Gourm    .   (no shield)
rNeg     + . .     Faith    .   (helmet restricted)
rPois    .         Spirit   .   (no amulet)
rElec    .         Reflect  .   e - ring of flight
rCorr    .         Harm     .   n - ring of positive energy
MR       .....                  (no ring)
Stlth    +++.......             (no ring)
HPRegen  0.09/turn              (no ring)
MPRegen  0.10/turn              (no ring)
                                (no ring)
                                (no ring)

@: no status effects
A: almost no armour, stealthy swim, amphibious, 8 rings, constrict 8, camouflage
1, gelatinous body 1
a: Evoke Flight


You were on level 3 of the Dungeon.
You were not hungry.

You visited 1 branch of the dungeon, and saw 3 of its levels.

You collected 187 gold pieces.

Inventory:

Missiles
 b - 110 stones (quivered)
Jewellery
 c - a cursed -4 ring of protection {unknown}
 e - a ring of flight (left tentacle)
 n - a ring of positive energy (right tentacle)
 q - an uncursed amulet of harm {unknown}
Wands
 u - a wand of clouds (6)
Scrolls
 a - a scroll of blinking {unknown}
 d - 3 scrolls of identify {unknown}
 g - 3 scrolls of fog {unknown}
 m - a scroll of enchant armour {unknown}
 s - a scroll of enchant weapon {unknown}
 t - 2 scrolls of teleportation {unknown}
Potions
 f - a potion of curing {unknown}
 h - 2 potions of ambrosia
 i - a potion of berserk rage {unknown}
 j - a potion of magic {unknown}
 k - 2 potions of lignification {unknown}
 l - a potion of might {unknown}
 p - a potion of flight {unknown}
 r - a potion of agility {unknown}
 w - a potion of invisibility {unknown}
Comestibles
 o - 3 rations


   Skills:
 + Level 1.2 Fighting
 + Level 2.5 Dodging
 + Level 3.5 Stealth
 * Level 1.4 Unarmed Combat
 + Level 2.3 Spellcasting
   Level 1.0 Transmutations
 + Level 3.5 Earth Magic


You had 6 spell levels left.
You knew the following spells:

 Your Spells              Type           Power        Failure   Level  Hunger
a - Sandblast             Erth           ##....       4%          1    #......

Your spell library contained the following spells:

 Spells                   Type           Power        Failure   Level  Hunger
 Passwall                 Tmut/Erth      #.......     11%         2    ##.....
 Stone Arrow              Conj/Erth      #.....       26%         3    ###....
 Petrify                  Tmut/Erth      #.......     58%         4    #####..
 Lee's Rapid Deconstruct  Erth           ##........   77%         5    ######.


Dungeon Overview and Level Annotations

Branches:
Dungeon (3/15)

Altars:
Wu Jian
Xom


Innate Abilities, Weirdness & Mutations

You cannot wear most types of armour.
You are very stealthy in the water. (Stealth+)
You are amphibious.
You can wear up to eight rings at the same time.
You can use your tentacles to constrict eight enemies at once.
Your skin changes colour to match your surroundings (Stealth+).
Your rubbery body absorbs attacks. (AC +1, EV +1)


Message History

You squeeze something. You constrict something. Something hits you.
Casting: Sandblast (safe; 4% risk of failure)
Confirm with . or Enter, or press ? or * to list all spells.
You can't see any susceptible monsters within range! (Use Z to cast anyway.)
Casting: Sandblast (safe; 4% risk of failure)
Confirm with . or Enter, or press ? or * to list all spells.
Aiming: Sandblast (safe; 4% risk of failure)
Press: ? - help, Shift-Dir - straight line The blast of sand hits something but does no damage.
b - 110 stones You constrict something.
Something hits you.
You barely miss something. Your squeeze misses something.
You constrict something. Something hits you.
You barely miss something. You constrict something. Something hits you.
* * * LOW HITPOINT WARNING * * *
You release your grip on something.
You hear some strange, mumbled words.
A magic dart appears from out of thin air!
The magic dart hits you!
You die...

...................#.# #.#.###
.###.#.......#####...# ###....
.###.#.######........## ###..
..##.#+#### #.........# ###
..#....†..# #........## #
..#.......# #........# #
<.#....†..# ########.## ###
[.#..#'#### #.......# #..
###.##.# #.@{....### +# #..
###.##.### #.........#+.+#####
.........######......#.........#
....#........##......#.........#
....#........##......#...%.....#
....##.......#########.........#
....##.......# #.........#
....##.......# ##........#
######.......# #..##.####


There were no monsters in sight!

Vanquished Creatures
  A hound skeleton (D:3)
  An adder (D:2)
  An ooze (D:1)
  A worm (D:2)
  3 leopard geckos
  3 orcs (D:3)
  7 bats
  2 giant cockroaches
  11 hobgoblins
  2 jackals (D:1)
  5 kobolds
  2 quokkas
  4 goblins
  3 rats (D:1)
46 creatures vanquished.

Notes
Turn   | Place    | Note
-------+----------+-------------------------------------------
     0 | D:1      | ANON1729 the Octopode Earth Elementalist began the quest
                  | for the Orb.
     0 | D:1      | Reached XP level 1. HP: 11/11 MP: 3/3
   243 | D:1      | Reached XP level 2. HP: 11/17 MP: 5/5
  1000 | D:1      | Reached XP level 3. HP: 14/22 MP: 6/6
  1994 | D:2      | Found an ornate altar of the Wu Jian Council.
  2075 | D:2      | Reached skill level 1 in Fighting
  2502 | D:2      | Found a shimmering altar of Xom.
  2508 | D:2      | Found a shimmering altar of Xom.
  2508 | D:2      | Found a shimmering altar of Xom.
  2509 | D:2      | Found a shimmering altar of Xom.
  2550 | D:2      | Reached skill level 1 in Unarmed Combat
  2763 | D:3      | Reached XP level 4. HP: 28/28 MP: 3/7
  3315 | D:3      | Killed from afar by an orc wizard

Levels and vault maps discovered:
D:1:      zelgadis_glass_arrival_large, layout_basic, hangedman_decor_growths
D:2:      layout_rooms, overflow_temple_1_default, xom_redecorated
D:3:      layout_basic, chequers_ecumenical_altar_simple_redux, tso_altar

Skill      XL: |  1  2  3 |
---------------+----------+-----
Stealth        | 3 |  3.5
Fighting       | 1 |  1.2
Unarmed Combat | 1 |  1.4
Dodging        | |  2.5
Spellcasting   | |  2.3
Transmutations | |  1.0
Earth Magic    | |  3.5

Action                   |  1- 3 |  4- 6 || total
-------------------------+-------+-------++-------
Melee: Unarmed           |   136 |    41 ||   177
       Constrict         |    33 |     8 ||    41
       Tentacles         |    27 |     4 ||    31
       Punch             |       |     1 ||     1
 Cast: Sandblast         |     6 |    13 ||    19
  Use: Potion            |     1 |       ||     1
 Stab: Sleeping          |     4 |     4 ||     8
  Eat: Chunk             |     2 |     2 ||     4
       Ration            |     1 |       ||     1
Armor: Skin              |    16 |     4 ||    20
Dodge: Dodged            |   105 |    31 ||   136

Table legend:
 A = Non-vault XP
 B = Vault XP
 C = Vault XP percentage of total XP
 D = Non-vault monster count
 E = Vault monster count
 F = Vault count percentage of total count
                 A         B        C        D         E       F
            +---------+---------+-------+---------+---------+-------
      Total |     121 |       0 |   0.0 |      46 |       0 |   0.0
            +---------+---------+-------+---------+---------+-------
        D:1 |      46 |       0 |   0.0 |      24 |       0 |   0.0
        D:2 |      32 |       0 |   0.0 |      10 |       0 |   0.0
        D:3 |      43 |       0 |   0.0 |      12 |       0 |   0.0
            +---------+---------+-------+---------+---------+-------
